 Dungeon Crawl Stone Soup version 0.22.0-49-gab54619 (webtiles) character file.

347 inc the Conjurer (level 6, -5/79 HPs)
             Began as an Ogre Fire Elementalist on Sept 4, 2018.
             Slain by a two-headed ogre
             ... wielding a +0 giant club
              (12 damage)
             ... on level 5 of the Dungeon.
             The game lasted 00:06:59 (3841 turns).

inc the Conjurer (Ogre Fire Elementalist)           Turns: 3841, Time: 00:07:00

Health: -5/79      AC:  4    Str: 18    XL:     6   Next: 59%
Magic:  5/9        EV: 10    Int: 18    God:
Gold:   225        SH:  0    Dex:  9    Spells: 4/9 levels left

rFire    . . .     SeeInvis .   x - +1 war axe (flame)
rCold    . . .     Gourm    .   (no shield)
rNeg     + . .     Faith    .   a - +0 robe
rPois    .         Spirit   .   (helmet restricted)
rElec    .         Reflect  .   y - +0 cloak
rCorr    .         Harm     .   (gloves unavailable)
MR       .....                  (boots unavailable)
Stlth    ..........             h - amulet of magic regeneration
HPRegen  0.23/turn              z - ring of positive energy
MPRegen  0.36/turn              (no ring)

@: berserking, very slightly contaminated, very quick
A: large, unfitting armour, tough skin 1
a: no special abilities


You were on level 5 of the Dungeon.
You were hungry.

You visited 1 branch of the dungeon, and saw 5 of its levels.

You collected 225 gold pieces.

Inventory:

Hand Weapons
 b - a +0 club
 d - a +0 short sword
 u - a +0 mace
 x - a +1 war axe of flaming (weapon)
Missiles
 w - a throwing net (quivered)
Armour
 a - a +0 robe (worn)
 y - a +0 cloak (worn)
Jewellery
 h - an amulet of magic regeneration (around neck)
 z - a ring of positive energy (left hand)
Wands
 v - a wand of polymorph (12)
Scrolls
 g - 3 scrolls of teleportation {unknown}
 i - a scroll of fear {unknown}
 l - 2 scrolls of remove curse {unknown}
 m - a scroll of random uselessness {unknown}
 s - a scroll of enchant weapon {unknown}
 t - a scroll of magic mapping {unknown}
Potions
 f - a potion of degeneration {unknown}
 j - 5 potions of brilliance
 k - 2 potions of berserk rage
 n - a potion of heal wounds {unknown}
 o - a potion of invisibility {unknown}
 p - 5 potions of curing {unknown}
 q - a potion of flight {unknown}
 r - 2 potions of might {unknown}
Comestibles
 c - 10 rations


   Skills:
 - Level 1.7 Dodging
 - Level 1.4 Stealth
 - Level 2.4 Spellcasting
 + Level 4.9 Conjurations
 + Level 4.2 Fire Magic


You had 4 spell levels left.
You knew the following spells:

 Your Spells              Type           Power        Failure   Level  Hunger
a - Flame Tongue          Conj/Fire      ###..        2%          1    #......
c - Sticky Flame          Conj/Fire      ###.....     26%         4    #####..

Your spell library contained the following spells:

 Spells                   Type           Power        Failure   Level  Hunger
 Throw Flame              Conj/Fire      ###...       4%          2    ##.....
 Conjure Flame            Conj/Fire      ###.....     8%          3    ###....
 Inner Flame              Hex/Fire       #.......     22%         3    ###....
 Fireball                 Conj/Fire      ###.......   58%         5    ######.


Dungeon Overview and Level Annotations

Branches:
Dungeon (5/15)
 Temple: D:4-7

Altars:
Hepliaklqana
Sif Muna
Uskayaw


Innate Abilities, Weirdness & Mutations

You are too large for most types of armour.
You have tough skin. (AC +1)


Message History

The two-headed ogre hits you with a giant club!!
The two-headed ogre hits you but does no damage.
Okay, then.
Okay, then.
A red film seems to cover your vision as you go berserk!
You feel yourself moving faster!
You feel mighty!
The two-headed ogre hits you with a giant club!!
* * * LOW HITPOINT WARNING * * *
The two-headed ogre closely misses you.
You barely miss the two-headed ogre.
The two-headed ogre is lightly wounded.
The two-headed ogre hits you but does no damage.
The two-headed ogre hits you with a giant spiked club!
* * * LOW HITPOINT WARNING * * *
You slash the two-headed ogre! You burn the two-headed ogre.
The two-headed ogre is moderately wounded.
You slash the two-headed ogre! You burn the two-headed ogre!
The two-headed ogre is severely wounded.
The two-headed ogre hits you with a giant club!
You die...

#.........#
#...<.....#
#.........#
#[........#
#...?.....#
#.........#
#####.#####
#O# #@# #.#
..# ####


You could see a two-headed ogre.

Vanquished Creatures
  Crazy Yiuf (D:3)
  An orc priest (D:4)
  An orc wizard (D:3)
  Natasha (thrice) (D:3)
  A hound skeleton (D:4)
  Robin (D:3)
  5 adders
  2 oozes
  4 worms
  2 dart slugs
  A leopard gecko (D:2)
  6 orcs
  4 giant cockroaches
  16 goblins
  12 hobgoblins
  2 ball pythons
  13 bats
  5 frilled lizards
  8 kobolds
  A quokka skeleton (D:4)
  6 rats
95 creatures vanquished.

Notes
Turn   | Place    | Note
-------+----------+-------------------------------------------
     0 | D:1      | inc the Ogre Fire Elementalist began the quest for the Orb.
     0 | D:1      | Reached XP level 1. HP: 16/16 MP: 3/3
    13 | D:1      | Reached skill level 1 in Conjurations
   255 | D:1      | Reached XP level 2. HP: 24/24 MP: 3/5
   522 | D:1      | Reached XP level 3. HP: 31/31 MP: 2/6
  1285 | D:2      | Reached XP level 4. HP: 39/39 MP: 3/7
  1297 | D:2      | Found a hide-covered altar of Uskayaw.
  1803 | D:2      | Found a deep blue altar of Sif Muna.
  1924 | D:3      | Noticed Natasha
  1928 | D:3      | Killed Natasha
  1928 | D:3      | Reached XP level 5. HP: 39/45 MP: 4/8
  2228 | D:5      | Entered Level 5 of the Dungeon
  2228 | D:5      | Noticed an ogre
  2228 | D:5      | Noticed a centaur
  2386 | D:3      | Noticed Robin
  2393 | D:3      | Killed Robin
  2552 | D:3      | Found a runed door.
  2559 | D:3      | Noticed Natasha
  2969 | D:3      | Killed Natasha
  2969 | D:3      | Reached XP level 6. HP: 53/53 MP: 4/9
  3153 | D:3      | Noticed Natasha
  3160 | D:3      | Killed Natasha
  3227 | D:3      | Noticed Crazy Yiuf
  3235 | D:3      | Killed Crazy Yiuf
  3493 | D:4      | Found a hazy altar of Hepliaklqana.
  3775 | D:5      | Noticed a sky beast
  3826 | D:4      | Learned a level 4 spell: Sticky Flame
  3827 | D:5      | Noticed a two-headed ogre
  3841 | D:5      | Slain by a two-headed ogre

Skill      XL: |  1  2  3  4  5  6 |
---------------+-------------------+-----
Conjurations   | 1 2 3 4 |  4.9
Fire Magic     | 3 4 |  4.2
Dodging        | |  1.7
Stealth        | |  1.4
Spellcasting   | |  2.4

Action                   |  1- 3 |  4- 6 || total
-------------------------+-------+-------++-------
Melee: Club              |     4 |       ||     4
       Short sword       |    14 |     1 ||    15
       War axe           |       |     4 ||     4
 Cast: Flame Tongue      |    63 |   113 ||   176
  Use: Scroll            |       |     3 ||     3
       Potion            |       |     1 ||     1
  Eat: Chunk             |     1 |     9 ||    10
Armor: Robe              |    16 |     7 ||    23
Dodge: Dodged            |    34 |    21 ||    55
